 Dungeon Crawl Stone Soup version 0.29.0-4-gdea44cf6ec (webtiles) character file.

Game seed: 3214674951714893597

51 qw the Chopper (level 4, 0/35 HPs)
             Began as a Formicid Cinder Acolyte on Sept 3, 2022.
             Was a High Priest of Ignis.
             Succumbed to an adder's poison
             ... on level 2 of the Dungeon.
             The game lasted 00:00:55 (2021 turns).

qw the Chopper (Formicid Cinder Acolyte)            Turns: 2021, Time: 00:00:56

Health: 0/35       AC: 12    Str: 21    XL:     4   Next: 7%
Magic:  5/5        EV: 10    Int: 13    God:    Ignis [*****.]
Gold:   53         SH:  0    Dex:  9    Spells: 5/5 levels left

rFire   + . .      SeeInvis +   Y - -1 hand axe (freeze)
rCold   . . .      Faith    .   (no shield)
rNeg    . . .      Spirit   .   h - +0 ring mail
rPois   .          Reflect  .   (helmet unavailable)
rElec   .          Harm     .   (no cloak)
rCorr   .          Rampage  .   (no gloves)
Will    .....                   (no boots)
Stlth   ..........              (no amulet)
HPRegen 0.11/turn               (no ring)
MPRegen 0.09/turn               (no ring)

@: lethally poisoned (0 -> -1), fiery-armoured
A: permanent stasis, dig shafts and tunnels, antennae 3, four strong arms
a: Dig, Shaft Self, Renounce Religion, Fiery Armour, Foxfire Swarm, Rising Flame


You were on level 2 of the Dungeon.
You worshipped Ignis.
Ignis was extremely pleased with you.
You visited 1 branch of the dungeon, and saw 2 of its levels.

You collected 53 gold pieces.


Innate Abilities, Weirdness & Mutations

You cannot be hasted, slowed, berserked, paralysed or teleported.
You can dig through walls and to a lower floor.
You have a pair of large antennae on your head. (SInv)
Your four strong arms can wield two-handed weapons with a shield.


   Skills:
 - Level 3.2 Fighting
 + Level 4.2 Axes
 - Level 1.4 Armour
 - Level 0.4 Dodging
 - Level 1.1 Spellcasting
 - Level 3.0 Fire Magic


You had 5 spell levels left.
You didn't know any spells.
Your spell library contained the following spells:

 Spells                   Type           Power      Damage    Failure   Level
 Scorch                   Fire           16%        2d6       21%         2

Inventory:

Hand Weapons
 a - a +0 club
 Y - a -1 hand axe of freezing (weapon)
Armour
 h - a +0 ring mail (worn)
Scrolls
 b - a scroll of noise {unknown}
Potions
 c - 2 potions of curing {unknown}
 d - a potion of cancellation {unknown}
 g - a potion of mutation {unknown}

Dungeon Overview and Level Annotations

Branches:
Dungeon (2/15)

Altars:

Shops:
D:1 [   D:2 =


Message History

You are more poisoned.
The adder poisons you!
2011 ||| INVOKING Fiery Armour.
A protective cloak of flame settles atop you.
You feel sick. The adder closely misses you. The adder barely misses you.
You barely miss the adder.
You feel sick. The adder bites you but does no damage.
The adder is burned by your cloak of flames.
The adder is lightly wounded.
You barely miss the adder.
The adder is lightly wounded.
You feel sick. The adder bites you but does no damage.
The adder is burned by your cloak of flames.
The adder is severely wounded.
The adder bites you but does no damage.
The adder is burned by your cloak of flames.
The adder is almost dead.
You miss the adder.
The adder is almost dead.
You feel sick. The adder barely misses you.
You hit the adder but do no damage.
The adder is almost dead.
You feel sick. The adder bites you.
You are lethally poisoned!
The adder poisons you!
The adder is burned by your cloak of flames.
You kill the adder!
You have reached level 4!
You feel stronger.
There is a lethal amount of poison in your body!
You feel sick.
There is a lethal amount of poison in your body!
You feel sick.
There is a lethal amount of poison in your body!
You feel sick.
There is a lethal amount of poison in your body!
You feel sick.
There is a lethal amount of poison in your body!
You feel sick.
There is a lethal amount of poison in your body!
You die...

# # .$ #. #.#
###.#.#####.# ..
............# #..
......$@.#..# #..
###.#.##.#..# #.# #
#.#..# #.# #%#..#
#.# {
#.##....######.#
#..............####.
######..#####.......
#..######.#####
#.........#


There were no monsters in sight!

Vanquished Creatures
  2 adders (D:2)
  A worm (D:2)
  A dart slug (D:2)
  2 ball pythons
  2 giant cockroaches (D:1)
  3 goblins (D:1)
  3 hobgoblins (D:1)
  A quokka (D:1)
  2 bats (D:1)
  7 frilled lizards
  4 kobolds (D:1)
  2 rats
30 creatures vanquished.

Notes
Turn   | Place    | Note
-------+----------+-------------------------------------------
     0 | D:1      | qw the Formicid Cinder Acolyte began the quest for the Orb.
     0 | D:1      | Reached XP level 1. HP: 18/18 MP: 2/2
     0 | D:1      | 0 ||| qw: Version: 0.1-a-102-g441f92d
     0 | D:1      | 0 ||| qw: Game counter: 5072
     0 | D:1      | 0 ||| qw: Always use a shield: true
     0 | D:1      | 0 ||| qw: God list: Okawaru
     0 | D:1      | 0 ||| qw: Allow faded altars: false
     0 | D:1      | 0 ||| qw: Do Orc after D:15 true
     0 | D:1      | 0 ||| qw: Do second Lair branch before Depths: true
     0 | D:1      | 0 ||| qw: Lair rune preference: random
     0 | D:1      | 0 ||| qw: Plans: Normal
     0 | D:1      | 0 ||| PLANNING D:1-11
    53 | D:1      | Found Ubuoleti's Antique Armour Shop.
    71 | D:1      | 71 ||| SHOPLISTING glowing chain mail (217 gold, have 14).
    71 | D:1      | 71 ||| SHOPLISTING leather armour (58 gold, have 14).
    71 | D:1      | 71 ||| SHOPLISTING pair of embroidered gloves (217 gold,
                  | have 14).
    71 | D:1      | 71 ||| SHOPLISTING runed robe (107 gold, have 14).
    71 | D:1      | 71 ||| SHOPLISTING scale mail (116 gold, have 14).
   175 | D:1      | Reached XP level 2. HP: 22/24 MP: 3/3
   248 | D:1      | 248 ||| Stepping ~*~*~tactically~*~*~ (stealth).
  1006 | D:1      | Found a faded altar of an unknown god.
  1022 | D:1      | Reached skill level 4 in Axes
  1022 | D:1      | Reached XP level 3. HP: 29/29 MP: 4/4
  1430 | D:1      | 1430 ||| UPGRADING to +0 leather armour.
  1440 | D:1      | 1440 ||| DROPPING +0 robe.
  1441 | D:1      | 1441 ||| UPGRADING to +0 ring mail.
  1451 | D:1      | 1451 ||| DROPPING +0 leather armour.
  1452 | D:1      | 1452 ||| READING scroll labelled EPSASY CAPODAU.
  1462 | D:1      | 1462 ||| READING scroll labelled QIRIMN VAPAOFE.
  1598 | D:1      | 1598 ||| READING scroll labelled JUILES ATSY.
  1599 | D:1      | 1599 ||| READING scroll labelled WAKIBAT JULAT.
  1669 | D:2      | Found Yhigg's Jewellery Shop.
  1678 | D:2      | 1678 ||| SHOPLISTING +6 ring of dexterity (504 gold, have
                  | 41).
  1678 | D:2      | 1678 ||| SHOPLISTING amulet of reflection (420 gold, have
                  | 41).
  1678 | D:2      | 1678 ||| SHOPLISTING ring of ice (350 gold, have 41).
  1678 | D:2      | 1678 ||| SHOPLISTING ring of poison resistance (280 gold,
                  | have 41).
  1682 | D:2      | 1682 ||| Stepping ~*~*~tactically~*~*~ (hiding).
  1842 | D:2      | Reached skill level 1 in Armour
  2011 | D:2      | 2011 ||| INVOKING Fiery Armour.
  2014 | D:2      | HP: 7/29 [poisoned by an adder]
  2016 | D:2      | Reached XP level 4. HP: 6/35 MP: 5/5
  2018 | D:2      | HP: 3/35 [poisoned by an adder]
  2020 | D:2      | HP: 1/35 [poisoned by an adder]
  2021 | D:2      | Succumbed to an adder's poison

Levels and vault maps discovered:
D:1:      lightli_arrival_flooded_house, layout_basic, serial_shops,
          nicolae_shop_overgrown_old_shop, chequers_ecumenical_altar_island,
          due_unseen_surprise
D:2:      layout_loops_ring, serial_shops, shop

Skill      XL: |  1  2  3 |
---------------+----------+-----
Axes           | 4 |  4.2
Armour         | 1 |  1.4
Fighting       | |  3.2
Dodging        | |  0.4
Spellcasting   | |  1.1
Fire Magic     | |  3.0

Action                   |  1- 3 |  4- 6 || total
-------------------------+-------+-------++-------
Melee: Hand axe          |   122 |       ||   122
Invok: Fiery Armour      |     1 |       ||     1
  Use: Scroll            |     4 |       ||     4
Armor: Robe              |    13 |       ||    13
       Ring mail         |    13 |       ||    13
Dodge: Dodged            |    65 |       ||    65

Table legend:
 A = Non-vault XP
 B = Vault XP
 C = Vault XP percentage of total XP
 D = Non-vault monster count
 E = Vault monster count
 F = Vault count percentage of total count
                 A         B        C        D         E       F
            +---------+---------+-------+---------+---------+-------
      Total |      74 |       0 |   0.0 |      30 |       0 |   0.0
            +---------+---------+-------+---------+---------+-------
        D:1 |      35 |       0 |   0.0 |      23 |       0 |   0.0
        D:2 |      39 |       0 |   0.0 |       7 |       0 |   0.0
            +---------+---------+-------+---------+---------+-------
